 Adventure DCSS version bcrawl-1.19.2-6-g6a88ae04c9 (webtiles) character file.

Game seed: 10684667177815143218

3 pasperui the Sneak (level 1, -4/19 HPs)
             Began as a Naga Sloth Apostle on Dec 25, 2019.
             Was a Follower of Cheibriados.
             Slain by Terence
             ... wielding a +0 flail
              (7 damage)
             ... on level 2 of the Dungeon.
             The game lasted 00:03:16 (1287 turns).

pasperui the Sneak (Naga Sloth Apostle)             Turns: 1287, Time: 00:03:17

Health: -4/19      AC:  1    Str: 17    XL:     1   Next: 50%
Magic:  2/2        EV:  6    Int: 14    God:    Cheibriados [*.....]
Gold:   91         SH:  8    Dex: 12    Spells: 1/2 levels left
                                        Lives:  0   Deaths: 2

rFire    . . .     SeeInvis +   a - +0 falchion
rCold    . . .     Gourm    .   c - +0 shield
rNeg     . . .     Faith    .   b - +0 robe
rPois    +         Spirit   .   (no helmet)
rElec    .         Reflect  .   (no cloak)
rCorr    .         Harm     .   (no gloves)
MR       .....                  (no barding)
Stlth    +++.......             (no amulet)
HPRegen  0.06/turn              (no ring)
MPRegen  0.08/turn              (no ring)

@: very slow
A: large, see invisible, deformed body, poison resistance, slowness 2, slow
metabolism 1, spit poison 1, AC +0
a: Spit Poison, Bend Time, Renounce Religion


You were on level 2 of the Dungeon.
You worshipped Cheibriados.
Cheibriados was aware of your devotion.
You were not hungry.

You visited 1 branch of the dungeon, and saw 2 of its levels.

You collected 91 gold pieces.

Inventory:

Hand Weapons
 a - a +0 falchion (weapon)
Missiles
 g - 345 stones (quivered)
 l - 168 sling bullets
Armour
 b - a +0 robe (worn)
 c - a +0 shield (worn)
Wands
 d - a wand of paralysis (10)
Scrolls
 e - 3 scrolls of identify {unknown}
Potions
 i - a potion of curing {unknown}
 k - a potion of brilliance {unknown}
Comestibles
 f - 4 rations {!d}


   Skills:
 - Level 2.0 Fighting
 - Level 3.1 Long Blades
 * Level 1.6 Throwing
 - Level 4.8 Stealth
 - Level 1.5 Shields
 - Level 1.0 Spellcasting
 - Level 1.0 Hexes
 - Level 1.0 Evocations


You had one spell level left.
You knew the following spells:

 Your Spells              Type           Power        Failure   Level  Hunger
a - Slow                  Hex            #.......     65%         1    ##.....
Your spell library was empty.

Dungeon Overview and Level Annotations

Branches:
Dungeon (2/12)

Altars:

Annotations:
D:2 Terence


Innate Abilities, Weirdness & Mutations

You cannot wear boots.
Your serpentine skin is tough. (AC +0)
You have supernaturally acute eyesight. (SInv)
Armour fits poorly on your strangely shaped body.
Your system is resistant to poisons. (rPois)
You cover ground very slowly.
You have a slow metabolism.
You can spit poison.


Message History

An adder comes into view.
Found a robe.
Terence the Incautious comes into view.
He is wielding a +0 flail.
The orc shouts!
Terence shouts, "Get ready for death!"
A kobold and a dart slug come into view.
The adder hisses angrily.
Terence hits you with a +0 flail. x2
You closely miss Terence. The orc hits you with a +0 short sword.
You block the worm's attack. Terence hits you with a +0 flail.
You closely miss Terence. The adder bites you. You block the orc's attack.
You block the adder's attack.
You closely miss Terence. Terence closely misses you.
You block the orc's attack. The adder bites you.
* * * LOW HITPOINT WARNING * * *
You block the worm's attack.
You closely miss Terence.
The kobold shouts!
You block the adder's attack. Terence hits you with a +0 flail!
You die...

###.## #....#
... #....# ...
#####....##....
#..........#....
#...............
#...[......#.###
#........S.#.#
#.......o@.# #
#........w@#
#............
..............
......[...w.....
................
..............K.
#########......


You could see Terence, a worm, an adder, a dart slug, an orc and a kobold.

Vanquished Creatures
  A gnoll (D:2)
  A dart slug (D:1)
  A leopard gecko (D:1)
  5 giant cockroaches
  2 goblins (D:1)
  A hobgoblin (D:2)
  2 jackals (D:1)
  3 kobolds (D:1)
  3 bats
  5 frilled lizards
  3 rats (D:1)
27 creatures vanquished.

Notes
Turn   | Place    | Note
-------+----------+-------------------------------------------
     0 | D:1      | pasperui the Naga Sloth Apostle began the quest for the
                  | Orb.
     0 | D:1      | Reached XP level 1. HP: 19/19 MP: 2/2
   205 | D:1      | Reached XP level 2. HP: 6/26 MP: 3/3
   948 | D:1      | Reached * piety under Cheibriados
  1022 | D:1      | Reached XP level 3. HP: 32/32 MP: 4/4
  1101 | D:1      | Reached skill level 1 in Throwing
  1194 | D:2      | Slain by a gnoll
  1195 | D:2      | Reached XP level 2. HP: -2/26 MP: 3/3
  1272 | D:2      | Slain by an ooze
  1273 | D:2      | Reached XP level 1. HP: 0/19 MP: 2/2
  1281 | D:2      | Noticed Terence
  1287 | D:2      | Slain by Terence

Skill      XL: |  1  2  3 |
---------------+----------+-----
Long Blades    | 3 |  3.1
Throwing       | 1 |  1.6
Fighting       | |  2.0
Stealth        | |  4.8
Shields        | |  1.5
Spellcasting   | |  1.0
Hexes          | |  1.0
Evocations     | |  1.0

Action                   || total
-------------------------++-------
Melee: Falchion          ||   100
 Cast: Slow              ||     2
 Abil: Spit Poison       ||     2
  Use: Potion            ||     1
 Stab: Sleeping          ||     8
  Eat: Chunk             ||     1
Armor: Robe              ||    10
Dodge: Dodged            ||    23
Block: Shield            ||    35
